 Seeded DCSS version 0.32-a0-114-g70af1cc7 (webtiles) character file.

Game seed: 7557517153524949660 (custom seed)

401 Dorkslayer the Magician (level 6, -1/46 HPs)
             Began as a Mummy Reaver on Feb 28, 2023.
             Slain by an ice beast (4 damage)
             ... on level 5 of the Dungeon on Feb 5, 2024.
             The game lasted 00:14:56 (3873 turns).

Dorkslayer the Magician (Mummy Reaver)              Turns: 3873, Time: 00:14:57

Health: -1/46      AC:  6    Str: 17    XL:     6   Next: 54%
Magic:  8/11       EV: 12    Int: 12    God:
Gold:   134        SH:  0    Dex: 11    Spells: 6/12 levels left

rFire   x . .        e - +0 war axe
rCold   + . .        (no shield)
rNeg    + + +        b - +0 leather armour
rPois   ∞            k - +1 helmet
rElec   .            c - +0 cloak
rCorr   .            (no gloves)
SInv    .            (no boots)
Will    .....        (no amulet)
Stlth   +            (no ring)
HPRegen 0.27/turn    (no ring)
MPRegen 0.12/turn

%: faith
@: no status effects
A: cold resistance 1, negative energy resistance 3, torment resistance 2, heat
vulnerability 1, in touch with death 1, no potions, faith
a: no special abilities


You were on level 5 of the Dungeon.
You visited 1 branch of the dungeon, and saw 5 of its levels.

You collected 174 gold pieces.
You spent 40 gold pieces at shops.

Inventory:

Hand Weapons
 a - a +1 hand axe
 e - a +0 war axe (weapon)
 r - a +0 heavy mace
Missiles
 i - 5 silver javelins
 n - a throwing net
Armour
 b - a +0 leather armour (worn)
 c - a +0 cloak (worn)
 k - a +1 helmet (worn)
Wands
 f - a wand of polymorph (11)
Scrolls
 d - a scroll of immolation
 g - 3 scrolls of noise
 h - 3 scrolls of identify
 j - a scroll of fear
 l - a scroll of poison
 m - 2 scrolls of revelation
 o - a scroll of amnesia
 p - 2 scrolls of teleportation
 q - a scroll of enchant weapon
 s - a scroll of blinking


   Skills:
 * Level 2.8 Fighting
 + Level 3.7 Axes
 + Level 1.3 Armour
 * Level 2.6 Dodging
 + Level 1.1 Stealth
 * Level 3.7 Spellcasting
 * Level 3.0 Conjurations
 * Level 1.5 Necromancy
 + Level 0.1 Translocations
 * Level 1.0 Evocations


You had 6 spell levels left.
You knew the following spells:

 Your Spells              Type           Power      Damage    Failure   Level
a - Kiss of Death         Conj/Necr      44%        2d8       11%         1
b - Momentum Strike       Conj/Tloc      12%        3d8       22%         2
c - Hailstorm             Conj/Ice       5%         3d5       41%         3

Your spell library contained the following spells:

 Spells                   Type           Power      Damage    Failure   Level


Dungeon Overview and Level Annotations

Branches:
Dungeon (5/15)
 Temple: D:4-7

Altars:
Fedhas
Hepliaklqana
Makhleb
Okawaru

Shops:
D:2 *


Innate Abilities, Weirdness & Mutations

You are immune to poison.
Your flesh is cold resistant. (rC+)
You are immune to negative energy. (rN+++)
You are immune to unholy pain and torment.
You are vulnerable to heat. (rF-)
You are in touch with the powers of death.
You do not drink.
You have a special connection with the divine. (Faith)


Message History

You are unable to move.
The ice beast hits you. The ice beast freezes you. You resist.
You closely miss the ice beast.
The ice beast is severely wounded.
The ice beast hits you. The ice beast freezes you. You resist.
You hit the ice beast but do no damage. You punch the ice beast.
The ice beast is severely wounded.
The ice beast hits you. The ice beast freezes you. You resist.
The ice beast completely misses you.
You barely miss the ice beast.
The ice beast is severely wounded.
The ice beast hits you but does no damage.
You closely miss the ice beast.
The ice beast is severely wounded.
The ice beast barely misses you.
You barely miss the ice beast.
The ice beast is severely wounded.
You are no longer robbed of momentum.
The ice beast hits you but does no damage.
You hit the ice beast.
The ice beast is almost dead.
The ice beast hits you but does no damage.
The ice beast hits you. The ice beast freezes you! You resist.
* * * LOW HITPOINT WARNING * * *
Your magical contamination has completely faded away.
You closely miss the ice beast.
The ice beast is severely wounded.
The ice beast hits you.
* * * LOW HITPOINT WARNING * * *
The ice beast freezes you. You resist.
* * * LOW HITPOINT WARNING * * *
You hit the ice beast.
The ice beast is almost dead.
The ice beast closely misses you.
You barely miss the ice beast.
The ice beast is almost dead.
The ice beast misses you. The ice beast hits you.
* * * LOW HITPOINT WARNING * * *
The ice beast freezes you. You resist.
You die...

# ###############.#
.....<....).....#
###..........#########
##.....###.........#
###...# ##........#
##..# ##.......# ##..
##.@....# ##..
##.Y...# #.. ##....#
#...# #..# #.# .# #


You could see an ice beast.

Vanquished Creatures
  A phantom (D:4)
  A necrophage (D:4)
  A hound (D:4)
  An orc priest (D:4)
  Jessica (D:2)
  An orc wizard (D:4)
  A hound skeleton (D:4)
  Robin (D:2)
  An adder (D:3)
  4 ribbon worms
  2 dart slugs
  8 orcs
  5 ball pythons
  9 endoplasms
  A giant cockroach (D:2)
  13 goblins
  12 hobgoblins
  7 jackals
  A quokka (D:1)
  5 bats
  9 frilled lizards
  4 kobolds
  5 rats
94 creatures vanquished.

Notes
Turn   | Place    | Note
-------+----------+-------------------------------------------
     0 | D:1      | Dorkslayer the Mummy Reaver began the quest for the Orb.
     0 | D:1      | Reached XP level 1. HP: 16/16 MP: 4/4
   221 | D:1      | Reached XP level 2. HP: 12/22 MP: 4/6
   671 | D:1      | Gained mutation: You are in touch with the powers of death.
                  | [Mummy growth]
   671 | D:1      | Reached XP level 3. HP: 24/24 MP: 7/7
   974 | D:2      | Noticed Robin
   993 | D:2      | Killed Robin
  1001 | D:2      | Reached XP level 4. HP: 11/33 MP: 8/8
  1141 | D:2      | Noticed Jessica
  1165 | D:2      | Killed Jessica
  1260 | D:2      | Found Ruivodoce's Assorted Antiques.
  1286 | D:2      | Upgraded the game from 0.30-a0-833-g841903a to
                  | 0.32-a0-114-g70af1cc7
  1286 | D:2      | Bought a scroll labelled BAMIEDGH DYOFU for 20 gold pieces
  1286 | D:2      | Bought a scroll labelled HAECVA PODE for 20 gold pieces
  1432 | D:2      | Found a faded altar of an unknown god.
  1885 | D:3      | Learned a level 2 spell: Momentum Strike
  1889 | D:3      | Learned a level 3 spell: Hailstorm
  2087 | D:3      | Found an iron altar of Okawaru.
  2090 | D:3      | Reached XP level 5. HP: 34/34 MP: 9/9
  2314 | D:3      | Reached skill level 1 in Necromancy
  2863 | D:4      | Found a blossoming altar of Fedhas.
  2969 | D:4      | Noticed a phantom
  2987 | D:4      | Killed a phantom
  2988 | D:4      | Reached skill level 1 in Armour
  2988 | D:4      | Reached skill level 1 in Stealth
  3072 | D:4      | Found a hazy altar of Hepliaklqana.
  3300 | D:4      | Found a burning altar of Makhleb.
  3307 | D:4      | Reached XP level 6. HP: 44/46 MP: 11/11
  3471 | D:4      | Reached skill level 1 in Evocations
  3846 | D:5      | Entered Level 5 of the Dungeon
  3857 | D:5      | Noticed an ice beast
  3873 | D:5      | Slain by an ice beast

Illustrated notes

Levels and vault maps discovered:
D:1:      nzn_arrival_depleted_hourglass, layout_loops_ring, minmay_lizard_pond
D:2:      layout_rooms, shapermc_ecumenical_altar_mp_ritualfount, serial_shops,
          shop, hangedman_decor_riveting, uniq_robin, uniq_jessica
D:3:      layout_basic, nicolae_elyvilon_temple_path, okawaru_metal_pillars_3
D:4:      layout_loops_corners, mainiacjoe_overflow_cross_hatched,
          makhleb_blood_cavern_becter, mainiacjoe_overflow_alcove_2
D:5:      minmay_thick_lines, layout_basic, gammafunk_ghost_stat_death

Skill      XL: |  1  2  3  4  5  6 |
---------------+-------------------+-----
Spellcasting   | 3 |  3.7
Axes           | 3 |  3.7
Dodging        | 2 |  2.6
Necromancy     | 1 |  1.5
Armour         | 1 |  1.3
Stealth        | 1 |  1.1
Conjurations   | 3 |  3.0
Evocations     | 1 |  1.0
Fighting       | |  2.8
Translocations | |  0.1

Action                     |  1- 3 |  4- 6 || total
---------------------------+-------+-------++-------
  Melee: Hand axe          |    39 |       ||    39
         War axe           |    75 |   189 ||   264
         Punch             |     1 |     3 ||     4
   Cast: Kiss of Death     |     2 |     1 ||     3
         Momentum Strike   |       |     2 ||     2
    Use: Scroll            |     5 |     5 ||    10
 Armour: Leather armour    |    38 |   121 ||   159
  Dodge: Dodged            |    75 |   101 ||   176

Table legend: (Time is in decaauts)
 A = Elapsed time spent in this place.
 B = Non-inter-level travel time spent in this place.
 C = Inter-level travel time spent in this place.
 D = Time resting spent in this place.
 E = Time spent auto-exploring this place.
 F = Levels seen in this place.
 G = Mean time per level.
                   A        B        C        D        E       F      G
               +--------+--------+--------+--------+--------+-----+--------+
         Total |   3971 |   3971 |      0 |      0 |   2384 |   5 |  794.2 |
       Dungeon |   3971 |   3971 |      0 |      0 |   2384 |   5 |  794.2 |
               +--------+--------+--------+--------+--------+-----+--------+

Top non-repeatable levels by time:
     D:4: 1228 daAuts
     D:3: 985 daAuts
     D:1: 936 daAuts
     D:2: 790 daAuts
     D:5: 30 daAuts
